 Dungeon Crawl Stone Soup version 0.19.0 (webtiles) character file.

28141 kraedy the Bludgeoner (level 13, -12/79 HPs)
             Began as a Gargoyle Fighter on Nov 1, 2016.
             Was a High Priest of Okawaru.
             Killed from afar by a hell hound (19 damage)
             ... with a blast of flame
             ... led by Azrael
             ... on level 13 of the Dungeon.
             The game lasted 00:54:05 (13593 turns).

kraedy the Bludgeoner (Gargoyle Fighter)           Turns: 13593, Time: 00:54:06

Health: -12/79     AC: 37    Str: 24    XL:     13   Next: 36%
Magic:  7/14       EV: 11    Int:  6    God:    Okawaru [*****.]
Gold:   887        SH: 13    Dex:  9    Spells: 0 memorised, 12 levels left

rFire  . . .     SeeInvis .     G - +5 flail (crush)
rCold  . . .     Gourm    .     p - +0 plate armour
rNeg   + . .     Faith    +     c - +0 shield
rPois  ∞         Spirit   .     S - +0 helmet
rElec  +         Reflect  .     z - +2 cloak
rCorr  .         Harm     .     R - +0 pair of gloves of Grace {Slay+2}
MR     +....     Rnd*Tele +     a - +2 pair of boots
Stlth  ..........               v - amulet of faith
                                k - ring of wizardry
                                D - ring of protection from magic

@: heroism, finesse
A: claws 1, yellow scales 1, dopey 2, low mp 2, negative energy resistance 1,
shaggy fur 1, electricity resistance, slow regeneration 1, teleportitis 1,
unbreathing, petrification resistance, rot immunity, AC +9
a: Heroism, Finesse, Renounce Religion


You were on level 13 of the Dungeon.
You worshipped Okawaru.
Okawaru was extremely pleased with you.
You were not hungry.

You visited 2 branches of the dungeon, and saw 14 of its levels.
You also visited: Sewer.

You collected 887 gold pieces.

Inventory:

Hand Weapons
 d - a +0 shortbow
 G - a +5 flail of crushing (weapon)
 Z - a +3 mace of holy wrath
Missiles
 C - 129 arrows (quivered)
Armour
 a - a +2 pair of boots (worn)
 c - a +0 shield (worn)
 p - a +0 plate armour (worn)
 z - a +2 cloak (worn)
 R - the +0 pair of gloves of Grace (worn) {Slay+2}
   (Okawaru gifted it to you on level 10 of the Dungeon)

   It affects your accuracy and damage with ranged weapons and melee attacks
   (+2).
 S - a +0 helmet (worn)
Jewellery
 b - an uncursed ring of ice
 k - a ring of wizardry (right hand)
 v - an amulet of faith (around neck)
 D - a ring of protection from magic (left hand)
 I - an uncursed ring of fire
 T - an uncursed amulet of harm {unknown}
Wands
 g - a wand of polymorph (9/24)
 j - a wand of iceblast (0/15)
 y - a wand of hasting (4/9)
 H - a wand of disintegration (5/24)
 M - a wand of heal wounds (4/9)
 U - a wand of paralysis (11/24)
Scrolls
 i - 3 scrolls of enchant weapon
 m - a scroll of identify
 n - 4 scrolls of teleportation
 o - 7 scrolls of remove curse
 A - 2 scrolls of enchant armour
 B - 5 scrolls of fear
 J - a scroll of magic mapping
 L - a scroll of recharging
 Q - 2 scrolls of amnesia
Potions
 e - a potion of might
 h - 4 potions of agility
 l - a potion of haste {unknown}
 q - 6 potions of curing
 s - a potion of brilliance {unknown}
 u - 5 potions of ambrosia
 w - 2 potions of cancellation
 E - 3 potions of flight
 F - a potion of cure mutation {unknown}
 K - 2 potions of magic
Miscellaneous
 V - a lamp of fire
Comestibles
 f - 10 bread rations
 r - 10 meat rations
 t - 7 beef jerkies


   Skills:
 * Level 8.6(13.6) Fighting
 * Level 15.6(20.6) Maces & Flails
 + Level 2.8(7.8) Bows
 - Level 3.0(8.0) Throwing
 + Level 6.8(11.8) Armour
 + Level 5.3(10.3) Dodging
 + Level 7.8(12.8) Shields
 + Level 7.5 Invocations


You had 12 spell levels left.
You didn't know any spells.

Dungeon Overview and Level Annotations

Branches:
Dungeon (13/15)            Temple (1/1) D:6            Lair (0/6) D:11
    Orc (0/2) D:10
 Vaults: D:13-14

Altars:
Ashenzari
Cheibriados
Dithmenos
Elyvilon
Fedhas
Gozag
Hepliaklqana
Kikubaaqudgha
Makhleb
Nemelex Xobeh
Okawaru
Qazlal
Ru
Sif Muna
Trog
Uskayaw
Vehumet
Xom
Yredelemnul
Zin
The Shining One

Annotations:
D:8 exclusion: statue
D:13 Azrael


Innate Abilities, Weirdness & Mutations

You are resistant to torment.
Your stone body is resilient. (AC +9)
You are immune to poison.
You resist negative energy. (rN+)
You are resistant to electric shocks. (rElec)
You can survive without breathing.
You are immune to petrification.
You are immune to rotting.
You have sharp fingernails.
You are partially covered in yellow scales. (AC +2)
You are very dopey. (Int -4)
Your magical capacity is very low. (-20% MP)
You are covered in fur. (AC +1)
You regenerate slowly when monsters are visible.
You are occasionally teleported next to monsters.


Message History

The centaur shoots an arrow.
The arrow hits you but does no damage.
A fire elemental comes into view.
You see here an arrow.
The hell hound bites you but does no damage.
Azrael says, "May your bottom itch incessantly and may your arms be too short to scratch it."
You block the hell hound's attack. You block the hell hound's attack.
You can now deal lightning-fast blows.
The hell hound bites you but does no damage.
The hell hound breathes flames at you. The blast of flame hits you!
* * * LOW HITPOINT WARNING * * *
You gain the combat prowess of a mighty hero.
The hell hound bites you.
* * * LOW HITPOINT WARNING * * *
The hell hound bites you but does no damage.
The hell hound closely misses you. The hell hound breathes flames at you.
The blast of flame hits you!
You die...

.....#.###.## #..........#
.....#.###.# #......#...#
...#.>.....# #.#...###..#
#.##.#.##### #.##.###...#
## #.#.#
#.#####....####### #.#.#
##.# #...........#
#.#.########..#
##...###...#.
####....hh§Ec.h..######..#
#.##.#
.......R#######h@........#
#.##.# ......§§(#
###...####.# ..##.#
#####§§E####### #...#
#.##.###.# ##§§§.....#
##.## #.##.# #.#
#.h#####.# #.# #..... ..#
#§.#$$$#.# #.# ####.# ###
#hE#!>)#.# #.# #.#
#..§#$$(#.# #.# #.#
#...§#####.# #.# #.####


You could see a fire elemental, 3 hell hounds and a centaur.

Vanquished Creatures
  Gastronok (D:11)
  Snorg (D:12)
  Erolcha (D:13)
  Erica (D:8)
  A centaur warrior (D:13)
  A tengu warrior (D:12)
  Urug (D:13)
  2 unseen horrors
  An obsidian statue (D:11)
  4 hill giants
  A wolf spider (D:11)
  A deep elf mage (D:13)
  2 ugly things (D:11)
  A cyclops (D:12)
  A manticore (D:12)
  4 centaur zombies
  Psyche (D:8)
  4 kobold demonologists (D:13)
  A freezing wraith (D:13)
  A jumping spider (D:12)
  4 trolls
  2 hornets
  4 slime creatures (D:13)
  5 hippogriffs
  4 two-headed ogres
  A vampire (D:12)
  A tarantella (D:12)
  A redback (D:12)
  A wraith (D:13)
  8 yaks
  Grum (D:8)
  2 wyverns
  A fire elemental (D:13)
  3 hungry ghosts
  A basilisk (D:10)
  A steam dragon (D:12)
  A water moccasin (D:9)
  9 orc warriors
  An ice beast (D:11)
  3 sky beasts
  2 necrophages (D:12)
  2 black bears
  A hornet zombie (D:12)
  3 wolves (D:8)
  8 ogres
  4 centaurs
  2 crocodiles
  Blork the orc (D:4)
  8 big kobolds
  5 bullfrogs
  A gnoll sergeant (D:6)
  3 scorpions
  14 killer bees
  2 wights (D:12)
  An electric eel (D:9)
  3 howler monkeys
  5 crimson imps
  A quasit (D:11)
  2 bullfrog zombies
  A gnoll shaman (D:10)
  9 hounds
  3 jellies
  3 orc priests
  4 bullfrog skeletons
  2 centaur skeletons
  4 iguanas
  12 orc wizards
  5 worker ants
  A killer bee zombie (D:7)
  A mummy (D:12)
  A hound zombie (D:11)
  2 hound skeletons
  A worker ant zombie (D:10)
  10 gnolls
  20 adders
  4 river rats
  3 shadow imps
  5 oozes
  An adder skeleton (D:6)
  A dart slug (D:2)
  6 leopard geckos
  40 orcs
  3 ball pythons
  11 bats
  A bat zombie (D:6)
  9 giant cockroaches
  7 goblins
  7 hobgoblins
  3 jackals
  5 quokkas
  A frilled lizard (D:4)
  A jackal skeleton (D:7)
  28 kobolds
  A leopard gecko skeleton (D:4)
  2 leopard gecko zombies
  A quokka skeleton (D:4)
  19 rats
  A rat zombie (D:6)
  A plant (D:9)
393 creatures vanquished.

Vanquished Creatures (collateral kills)
  A bullfrog (D:7)
1 creature vanquished.

Vanquished Creatures (others)
  A wyvern skeleton (D:12)
  A jelly (D:13)
  5 fungi (D:11)
  7 plants
  A withered plant (D:12)
15 creatures vanquished.

Grand Total: 409 creatures vanquished

Notes
Turn   | Place    | Note
-------+----------+-------------------------------------------
     0 | D:1      | kraedy the Gargoyle Fighter began the quest for the Orb.
     0 | D:1      | Reached XP level 1. HP: 14/14 MP: 1/1
    87 | D:1      | Reached XP level 2. HP: 16/19 MP: 2/2
   142 | D:1      | Reached skill level 3 in Maces & Flails
   545 | D:2      | Reached XP level 3. HP: 17/23 MP: 3/3
  1282 | D:2      | Reached skill level 4 in Maces & Flails
  1343 | D:3      | Reached XP level 4. HP: 28/28 MP: 4/4
  1490 | D:3      | Found a sacrificial altar of Ru.
  1786 | D:3      | Reached skill level 5 in Maces & Flails
  1786 | D:3      | Reached XP level 5. HP: 30/32 MP: 5/5
  1998 | D:3      | Found a deep blue altar of Sif Muna.
  2415 | D:4      | Found a bloodstained altar of Trog.
  2433 | D:4      | Reached skill level 6 in Maces & Flails
  2483 | D:4      | Reached XP level 6. HP: 31/37 MP: 6/6
  2570 | D:4      | Found a glowing drain.
  2628 | Sewer    | Entered a sewer
  2784 | Sewer    | Found a glowing silver altar of Zin.
  2868 | D:4      | Reached skill level 7 in Maces & Flails
  2945 | D:4      | Noticed Blork the orc
  2970 | D:4      | Killed Blork the orc
  2970 | D:4      | Reached XP level 7. HP: 41/41 MP: 7/7
  3838 | D:5      | Entered Level 5 of the Dungeon
  3906 | D:5      | Found a shadowy altar of Dithmenos.
  3964 | D:5      | Reached skill level 8 in Maces & Flails
  3969 | D:5      | Gained mutation: You are partially covered in yellow scales. (AC +2) [mutagenic meat]
  4075 | D:5      | Found a shimmering altar of Xom.
  4577 | D:5      | Reached skill level 9 in Maces & Flails
  4577 | D:5      | Reached XP level 8. HP: 43/46 MP: 8/8
  4582 | D:5      | Gained mutation: You are covered in fur. (AC +1) [mutagenic meat]
  4584 | D:5      | Gained mutation: You have sharp fingernails. [mutagenic meat]
  4589 | D:5      | Found an iron altar of Okawaru.
  4599 | D:5      | Became a worshipper of Warmaster Okawaru
  4889 | D:6      | Reached skill level 10 in Maces & Flails
  4894 | D:6      | Reached * piety under Okawaru
  5016 | D:6      | Reached skill level 11 in Maces & Flails
  5078 | D:6      | Reached ** piety under Okawaru
  5078 | D:6      | Reached XP level 9. HP: 51/51 MP: 9/9
  5094 | D:6      | Found a white marble altar of Elyvilon.
  5096 | D:6      | Found a glowing silver altar of Zin.
  5153 | D:6      | Found a staircase to the Ecumenical Temple.
  5185 | Temple   | Entered the Ecumenical Temple
  5364 | D:6      | Gained mutation: Your magical capacity is low. (-10% MP) [mutagenic meat]
  5365 | D:6      | Gained mutation: You are clumsy. (Dex -2) [mutagenic meat]
  5366 | D:6      | Gained mutation: You evolve. [mutagenic meat]
  5439 | D:6      | Found an ancient bone altar of Kikubaaqudgha.
  5696 | D:7      | Reached skill level 12 in Maces & Flails
  6258 | D:7      | Reached skill level 13 in Maces & Flails
  6555 | D:7      | Reached XP level 10. HP: 56/56 MP: 9/9
  6598 | D:7      | Found a glowing golden altar of the Shining One.
  6763 | D:8      | Noticed Grum
  6784 | D:8      | Reached *** piety under Okawaru
  6806 | D:8      | Killed Grum
  6806 | D:8      | Reached skill level 1 in Invocations
  7056 | D:8      | Found an opulent altar of Gozag.
  7090 | D:8      | Found a shattered altar of Ashenzari.
  7139 | D:8      | Reached skill level 1 in Throwing
  7143 | D:8      | Found a radiant altar of Vehumet.
  7241 | D:8      | Reached skill level 1 in Dodging
  7271 | D:8      | Noticed Psyche
  7289 | D:8      | Killed Psyche
  7366 | D:8      | Noticed Erica
  7394 | D:8      | Killed Erica
  7394 | D:8      | Reached **** piety under Okawaru
  7512 | D:8      | Lost mutation: You are clumsy. (Dex -2) [evolution]
  7512 | D:8      | Lost mutation: You evolve. [end of evolution]
  8168 | D:9      | Found a basalt altar of Yredelemnul.
  8328 | D:9      | Reached ***** piety under Okawaru
  8419 | D:9      | Received a gift from Okawaru
  8419 | D:9      | Reached skill level 14 in Maces & Flails
  8530 | D:10     | Entered Level 10 of the Dungeon
  8568 | D:10     | Reached XP level 11. HP: 48/62 MP: 12/12
  8599 | D:10     | Reached skill level 5 in Shields
  8938 | D:10     | Noticed a hill giant
  8950 | D:10     | Killed a hill giant
  9188 | D:10     | Reached skill level 5 in Fighting
  9223 | D:10     | Received a gift from Okawaru
  9352 | D:10     | Found a staircase to the Orcish Mines.
  9487 | D:10     | Noticed a hill giant
  9495 | D:10     | Killed a hill giant
  9495 | D:10     | Received a gift from Okawaru
  9498 | D:10     | Got a pair of scorched gloves {god gift}
  9523 | D:10     | Identified the +0 pair of gloves of Grace {Slay+2} (Okawaru gifted it to you on level 10 of the Dungeon)
  9681 | D:10     | Gained mutation: You are dopey. (Int -2) [potion of mutation]
  9681 | D:10     | Gained mutation: You are very dopey. (Int -4) [potion of mutation]
  9681 | D:10     | Gained mutation: You are occasionally teleported next to monsters. [potion of mutation]
  9840 | D:11     | Noticed Gastronok
  9877 | D:11     | Killed Gastronok
  9877 | D:11     | Reached skill level 5 in Invocations
  9941 | D:11     | Noticed an obsidian statue
 10013 | D:11     | Killed an unseen horror
 10321 | D:11     | Noticed a soul eater
 10523 | D:11     | Noticed a soul eater
 10567 | D:11     | Noticed a purple ugly thing
 10575 | D:11     | Reached skill level 5 in Armour
 10587 | D:11     | Killed a purple ugly thing
 10592 | D:11     | Reached XP level 12. HP: 33/70 MP: 14/14
 10630 | D:11     | Gained mutation: You regenerate slowly when monsters are visible. [mutagenic meat]
 10893 | D:11     | Received a gift from Okawaru
 10903 | D:11     | Gained mutation: Your magical capacity is very low. (-20% MP) [mutagenic meat]
 10978 | D:11     | Found a staircase to the Lair.
 11355 | D:11     | Reached ****** piety under Okawaru
 11495 | D:11     | Received a gift from Okawaru
 11589 | D:12     | Noticed Snorg
 11599 | D:12     | Killed Snorg
 11739 | D:12     | Reached skill level 15 in Maces & Flails
 12269 | D:12     | Got a brightly glowing leather armour
 12304 | D:12     | Identified the +1 leather armour of the King of the Hill {MR+ Str+2 Stlth+} (You found it on level 12 of the Dungeon)
 12485 | D:12     | Noticed a tengu warrior
 12563 | D:12     | Killed a tengu warrior
 12563 | D:12     | Received a gift from Okawaru
 12563 | D:12     | Reached skill level 1 in Bows
 12578 | D:12     | Received a gift from Okawaru
 12578 | D:12     | Reached skill level 5 in Dodging
 12930 | D:13     | Noticed Urug
 12952 | D:13     | Killed Urug
 13009 | D:13     | Reached XP level 13. HP: 78/78 MP: 14/14
 13274 | D:13     | Received a gift from Okawaru
 13488 | D:13     | Noticed Azrael
 13531 | D:13     | Noticed Erolcha
 13543 | D:13     | Killed Erolcha
 13593 | D:13     | Killed from afar by a hell hound

Skill      XL: |  1  2  3  4  5  6  7  8  9 10 11 12 13 |
---------------+----------------------------------------+-----
Maces & Flails | 3 4 5 6 7 9 11 13 14 15 | 15.6
Invocations    | 3 5 7 |  7.5
Throwing       | 3 |  3.0
Dodging        | 2 3 5 |  5.3
Fighting       | 4 6 7 8 |  8.6
Shields        | 4 6 7 |  7.8
Armour         | 5 6 |  6.8
Bows           | 1 2 |  2.8

Action                   |  1- 3 |  4- 6 |  7- 9 | 10-12 | 13-15 || total
-------------------------+-------+-------+-------+-------+-------++-------
Melee: Flail             |    27 |       |   315 |   961 |   130 ||  1433
       Whip              |   102 |   379 |       |       |       ||   481
 Fire: Shortbow          |       |       |       |    40 |       ||    40
Invok: Heroism           |       |       |     1 |     5 |     2 ||     8
       Finesse           |       |       |       |     2 |     2 ||     4
Evoke: Wand              |       |       |     1 |     4 |       ||     5
  Use: Scroll            |       |     3 |    13 |     7 |     1 ||    24
       Potion            |       |     1 |     3 |     5 |     1 ||    10
 Stab: Paralysed         |       |     1 |       |       |       ||     1
  Eat: Chunk             |     1 |     6 |    24 |    23 |     1 ||    55
       Bread ration      |       |       |     1 |       |       ||     1
       Royal jelly       |       |       |     1 |       |       ||     1
       Pizza             |       |       |       |     2 |     1 ||     3
Armor: Scale mail        |    48 |       |       |       |       ||    48
       Plate armour      |    26 |   223 |   200 |   683 |    56 ||  1188
Dodge: Dodged            |    44 |    41 |    50 |   216 |    24 ||   375
Block: Shield            |    64 |   139 |   128 |   387 |    51 ||   769
